Cogmind - Beta 15 @@@ ROGUE MODE // 2025.05.26 @ 23:27:09 Player: Scared Dad Result: Self-destructed Performance ------------- Evolutions (3) 1500 Regions Visited (7) 1400 Robots Destroyed (53) 265 Value Destroyed (1337) 1337 Prototype IDs (30) 600 Alien Tech Used (0) 0 Bonus (-26) -26 TOTAL SCORE: 5076 Bonus ------- Follower Combat Kills 67 Aligned with FarCom 300 Friendly Fire -393 Cogmind --------- Core Integrity 43/700 Matter 9/300 Energy 100/100 System Corruption 6% Temperature Cool (0) Movement Core (550) Ox10 Location -7/Storage Parts ------- > --- POWER (1) -------- (None) > --- PROPULSION (4) --- (None) > --- UTILITY (6) ------ Medium Storage Unit Hardened Medium Armor Plating > --- WEAPON (2) ------- Rocket Array Rocket Array > --- INVENTORY (10) --- Light Deuterium Engine Light Nuclear Core Improved Heat Sink System Shield Flak Gun Flak Gun Peak State ------------ > --- POWER ------------ Light Deuterium Engine > --- PROPULSION ------- Flying Fortress v7 > --- UTILITY ---------- Scrap Suit Medium Storage Unit Kinecellerator Hardened Medium Armor Plating Hardened Medium Armor Plating > --- WEAPON ----------- Flak Gun Precision Assault Rifle > --- INVENTORY -------- Light Deuterium Engine Improved Heat Sink Advanced Weight Redist. System Experimental Sensor Array Improved Signal Interpreter Flak Gun Flak Gun Flak Gun Flak Gun [Rating: 66] Favorites ----------- Power Light Nuclear Core Engine Ion Engine Power Core Light Nuclear Core Propulsion Aluminum Leg Treads Light Treads Leg Aluminum Leg Wheel Compact Wheel Flight Unit VTOL Module Utility Small Storage Unit Device Scrap Suit Storage Small Storage Unit Processor Targeting Computer Hackware Hacking Suite Protection Hardened Medium Armor Plating Weapon EM Shotgun Energy Gun EM Shotgun Ballistic Gun Flak Gun Launcher Rocket Array Build | -11 -10 -10 -10 -9 -8 -7 -7 ------- Run | Yrd Mat Min Exi Min Mat Fac Sto Slots Evolved 6 | . . . . . 4 2 . Power . | . . . . . . . . Propulsion 2 | . . . . . 2 . . Utility 4 | . . . . . 2 2 . Weapon . | . . . . . . . . Parts Attached 74 | 8 15 . 1 7 13 26 4 Power 14 | 1 3 . . 3 2 5 . Engine 10 | 1 2 . . 3 2 2 . Core 4 | . 1 . . . . 3 . Reactor . | . . . . . . . . Propulsion 18 | 4 5 . . 2 1 6 . Treads 2 | 1 . . . . . 1 . Leg 8 | 1 5 . . 2 . . . Wheel 2 | 2 . . . . . . . Hover . | . . . . . . . . Flight 6 | . . . . . 1 5 . Utility 16 | 1 2 . 1 1 4 7 . Device 6 | . . . 1 . 1 4 . Storage 3 | 1 . . . . 2 . . Processor 4 | . 2 . . . . 2 . Hackware 1 | . . . . 1 . . . Protection 2 | . . . . . 1 1 . Artifact . | . . . . . . . . Weapon 26 | 2 5 . . 1 6 8 4 Energy Gun 11 | 1 3 . . 1 4 2 . Energy Cannon . | . . . . . . . . Ballistic Gun 11 | 1 2 . . . 2 6 . Ballistic Cannon . | . . . . . . . . Launcher 4 | . . . . . . . 4 Special Weapon . | . . . . . . . . Impact Weapon . | . . . . . . . . Slashing Weapon . | . . . . . . . . Piercing Weapon . | . . . . . . . . Special Melee Weapon . | . . . . . . . . Unidentified Prototypes 7 | . . . 1 . 1 4 1 Parts Lost 11 | . 2 . . 2 . 3 4 Power . | . . . . . . . . Propulsion 7 | . . . . 1 . 3 3 Utility 1 | . . . . . . . 1 Weapon 3 | . 2 . . 1 . . . Highest Loss Streak 4 | . 1 . . 2 . 1 4 To Critical Strikes . | . . . . . . . . Average Backups 6 | 3 7 7 5 3 6 8 7 Power . | . 1 1 . . . 1 2 Propulsion 1 | 2 3 . . 1 . . . Utility 2 | . 1 3 3 1 3 4 3 Weapon 1 | . 1 2 1 . 2 2 2 Tool/Special . | . . . . . . . . Unused Backups 10 | . 5 2 3 . . . . Power 1 | . . . 1 . . . . Propulsion 4 | . 3 1 . . . . . Utility 3 | . 1 1 1 . . . . Weapon 2 | . 1 . 1 . . . . Tool/Special . | . . . . . . . . Average Slot Usage (%) 83 | . 95 100 100 99 62 48 37 Engine 4 | . 7 . . 8 9 4 . Core 6 | . 6 14 14 5 . 1 . Leg 18 | . 24 28 28 27 . . . Flight 2 | . . . . . 8 5 20 Device 3 | . . . 6 2 8 8 . Storage 11 | . 14 14 14 14 9 7 7 Processor 6 | . 9 14 7 . . 5 6 Hackware 2 | . . . . 11 7 . . Energy Gun 16 | . 12 28 28 27 13 . . Ballistic Gun 5 | . 15 . . . 4 8 . Peak Build Rating 66 | 6 12 13 23 23 56 66 22 Average Rating 18 | 5 7 12 17 17 52 25 13 On Entrance 17 | . 6 12 13 23 16 54 12 Naked Turns . | . . . . . . . . Heaviest Build 47 | 14 16 16 17 17 33 47 10 Greatest Support 50 | 26 26 20 20 20 50 50 12 Greatest Overweight (x) 8 | 3 . . . 1 . 8 1 Average Overweight (x) . | . . . . . . . . Largest Inventory Capacity 10 | 8 8 8 8 8 10 10 10 Average Capacity 8 | 7 8 8 8 8 9 10 10 Most Carried 10 | 7 8 8 8 8 10 10 10 Average Carried 7 | 3 7 7 7 7 6 8 7 Final Capacity 10 | 8 8 8 8 8 10 10 10 Final Carried 8 | 6 8 8 8 8 8 7 6 Class Distribution -------------------- 69% | Mutant 23% | Scavenger-Mutant Dominant Class ---------------- Mutant | -10/Materials Mutant | -10/Mines Mutant | -10/Exiles Scavenger-Mutant | -9/Mines Mutant | -8/Materials Mutant | -7/Factory Sprinter | -7/Storage Resources | -11 -10 -10 -10 -9 -8 -7 -7 ----------- Run | Yrd Mat Min Exi Min Mat Fac Sto Matter Collected 1378 | 206 361 6 . 110 80 465 150 Remotely . | . . . . . . . . Salvage Created 1593 | . 709 139 . 214 279 240 12 Parts 110 | . 46 9 . 16 18 21 . Haulers Intercepted 1 | . . . . . 1 . . Recyclers Shooed 1 | . . . . 1 . . . Parts Field Recycled . | . . . . . . . . Retrieved Matter . | . . . . . . . . Parts Self-Destructed . | . . . . . . . . Prevented . | . . . . . . . . Kills | -11 -10 -10 -10 -9 -8 -7 -7 ------- Run | Yrd Mat Min Exi Min Mat Fac Sto Combat Hostiles Destroyed 47 | . 20 5 . 8 7 7 . Guns 46 | . 20 4 . 8 7 7 . AOE 1 | . . 1 . . . . . Classes Destroyed 11 | . 4 2 . 1 2 1 1 Worker 1 | . . . . . . . 1 Builder 1 | . . . . 1 . . . Tunneler 1 | . . 1 . . . . . Hauler 1 | . . . . . 1 . . Operator 1 | . 1 . . . . . . Watcher 2 | . 2 . . . . . . Swarmer 20 | . 6 1 . 6 4 3 . Grunt 22 | . 14 3 . 2 2 1 . Sentry 3 | . . . . . 1 2 . Programmer 1 | . . . . . . 1 . Assembled 1 | . . 1 . . . . . Best Kill Streak 6 | . 4 4 . 4 6 2 1 Combat Bots Only 5 | . 4 3 . 4 5 2 . Max Kills in Single Turn 3 | . 1 3 . 2 2 1 1 Gunslinging 1 | . . . . 1 1 . . Exploded 1 | . . 1 . . . . . Melee . | . . . . . . . . Uniques/NPCs Destroyed . | . . . . . . . . Combat | -11 -10 -10 -10 -9 -8 -7 -7 -------- Run | Yrd Mat Min Exi Min Mat Fac Sto Hostile Shots Fired 497 | . 117 13 . 33 102 198 34 Missed 180 | . 35 6 . 6 49 72 12 Hits 317 | . 82 7 . 27 53 126 22 Projectile 317 | . 82 7 . 27 53 126 22 Critical Strikes 9 | . . . . . 4 5 . Part Disruptions 2 | . . . . . . . 2 Damage Taken 3850 | . 865 92 . 224 721 1531 417 Core 931 | . 161 10 . 9 94 523 134 Absorbed by Shields . | . . . . . . . . Regen/Repaired (Parts) 20 | . . . . . 20 . . Core Remaining (%) 70 | 100 . . . 28 82 . . Volleys Fired 139 | . 71 9 . 16 17 22 4 Largest 2 | . 2 2 . 2 2 2 2 Hottest 110 | . 60 90 . 90 110 56 90 Shots Fired 270 | . 137 18 . 31 34 44 6 Gun 264 | . 137 18 . 31 34 44 . Cannon . | . . . . . . . . Launcher 6 | . . . . . . . 6 Special . | . . . . . . . . Kinetic 133 | . 81 . . . 8 44 . Thermal 54 | . 42 . . . 12 . . Explosive 6 | . . . . . . . 6 Electromagnetic 77 | . 14 18 . 31 14 . . Robot Hit Streak 21 | . 21 3 . 5 10 10 7 Robot Miss Streak 18 | . 4 3 . 9 6 18 3 Penetration Max . | . . . . . . . . Secondary Targets 7 | . 4 . . 2 1 . . Max Gunslinging Chain 1 | . 1 . . 1 1 . . Shots Hit Robots 176 | . 85 9 . 18 24 34 6 Core Hits 139 | . 44 11 . 15 16 42 11 Critical Kills 1 | . 1 . . . . . . Critical Parts Destroyed . | . . . . . . . . Critical Strikes 1 | . 1 . . . . . . Destroy 1 | . 1 . . . . . . Melee Attacks . | . . . . . . . . Impact . | . . . . . . . . Slashing . | . . . . . . . . Piercing . | . . . . . . . . Sneak Attacks . | . . . . . . . . Combat Hostiles . | . . . . . . . . Follow-up Attacks . | . . . . . . . . Damage Inflicted 2875 | . 936 204 . 275 406 642 412 Guns 2313 | . 936 133 . 275 406 563 . Cannons . | . . . . . . . . Explosions 477 | . . 65 . . . . 412 Melee . | . . . . . . . . Ramming 85 | . . 6 . . . 79 . Kinetic 1137 | . 477 . . . 97 563 . Thermal 590 | . 338 65 . . 187 . . Explosive 412 | . . . . . . . 412 Electromagnetic 651 | . 121 133 . 275 122 . . Impact . | . . . . . . . . Slashing . | . . . . . . . . Piercing . | . . . . . . . . Highest Corruption 6 | . 1 1 1 1 . 5 6 Average Corruption 1 | . 1 1 1 1 . 4 5 Corruption Purged . | . . . . . . . . Corruption Blocked . | . . . . . . . . Effects 22 | . 2 6 3 5 . 5 1 Message Errors 5 | . . 1 . 2 . 1 1 Matter Fused 7 | . 1 1 2 1 . 2 . Heat Flow Errors 5 | . . 2 . 2 . 1 . Data Loss (minor) 2 | . . 1 1 . . . . Data Loss (major) 3 | . 1 1 . . . 1 . Overload Shots . | . . . . . . . . Overflow Damage 12 | . . . . . . . 12 Projectiles . | . . . . . . . . Explosions 12 | . . . . . . . 12 Melee . | . . . . . . . . Knockbacks 1 | . . . . . . 1 . Impact 1 | . . . . . . 1 . Kinetic . | . . . . . . . . Secondary . | . . . . . . . . Self-Inflicted Damage 152 | . . 20 . . . 33 99 Shots 7 | . . 1 . . . . 6 Rammed 30 | . . . . . . 30 . Targets Rammed 32 | . . 2 . . . 30 . Kicked 2 | . . 2 . . . . . Crushed . | . . . . . . . . Highest Temperature 277 | . 126 217 . 240 277 113 . Average Temperature 65 | . 36 52 . 97 93 21 . Received Heat Transfer 1359 | . 396 30 . 6 360 543 24 Effects 1 | . . . . 1 . . . Energy Bleed 1 | . . . . 1 . . . Siege Activations . | . . . . . . . . Martial Activations . | . . . . . . . . Shielding Activations . | . . . . . . . . Robots Disrupted . | . . . . . . . . Combat Hostiles . | . . . . . . . . Robots Corrupted 1 | . 1 . . . . . . Combat Hostiles . | . . . . . . . . Parts Fried 1 | . 1 . . . . . . Impact Corruptions . | . . . . . . . . Robots Melted . | . . . . . . . . Combat Hostiles . | . . . . . . . . Parts Melted 1 | . . 1 . . . . . Heat Transferred 1120 | . 750 . . . 370 . . Parts Sabotaged . | . . . . . . . . Parts Stolen . | . . . . . . . . Parts Stripped . | . . . . . . . . Power Chain Reactions 1 | . . 1 . . . . . Alert | -11 -10 -10 -10 -9 -8 -7 -7 ------- Run | Yrd Mat Min Exi Min Mat Fac Sto Maximum Alert Level 2 | . . . . . 2 . . Low Security (%) 96 | 100 100 100 . 100 62 100 100 Level 1 3 | . . . . . 36 . . Level 2 . | . . . . . 1 . . Level 3 . | . . . . . . . . Level 4 . | . . . . . . . . Level 5 . | . . . . . . . . High Security . | . . . . . . . . Max Security . | . . . . . . . . Peak Influence 403 | . 172 80 . 81 403 157 50 Initial 157 | . . 28 . . . 157 50 Average 63 | . 104 12 . 18 161 73 28 Influence Increases 2013 | . 543 138 . 271 641 373 47 Destroy 0b10 Robot/C 980 | . 400 100 . 200 140 140 . Destroy 0b10 Robot/NC 35 | . 15 5 . 5 5 . 5 Destroy Leader 186 | . 94 . . 30 22 40 . Allied During Kill 22 | . . 1 . 21 . . . Successful Hack 40 | . 4 . . . 8 28 . Disable Machine 15 | . . . . 15 . . . Destroy Structure 45 | . . 2 . . 1 . 42 Partial Spotted 45 | . . . . . 15 30 . Lose Combat Pursuer 645 | . 30 30 . . 450 135 . Influence Decreases 2005 | . 468 213 . 271 294 608 151 Entered New Map 299 | . . 47 . . . 190 62 Time Decay 1387 | . 448 166 . 191 144 388 50 Lost Part 109 | . 20 . . 20 . 30 39 Lost Ally 60 | . . . . 60 . . . Purge Threat 150 | . . . . . 150 . . Squads Dispatched 13 | . 6 . . . 4 2 1 Investigation 3 | . 3 . . . . . . Extermination 1 | . . . . . . 1 . Reinforcement 9 | . 3 . . . 4 1 1 Assault . | . . . . . . . . Garrison . | . . . . . . . . Intercept . | . . . . . . . . Searches Triggered . | . . . . . . . . Construction Impeded . | . . . . . . . . Haulers Reinforced . | . . . . . . . . Active Scanning Responses . | . . . . . . . . Cargo Convoy Interrupts . | . . . . . . . . Stealth | -11 -10 -10 -10 -9 -8 -7 -7 --------- Run | Yrd Mat Min Exi Min Mat Fac Sto Distress Signals 7 | . 2 . . . 5 . . Communications Jammed . | . . . . . . . . Distress Signals . | . . . . . . . . Times Spotted 108 | . 28 8 . 10 42 17 3 Peak Tracking Total 15 | . 5 3 . 4 15 7 3 Tactical Retreats 20 | . 2 2 . . 11 5 . Traps | -11 -10 -10 -10 -9 -8 -7 -7 ------- Run | Yrd Mat Min Exi Min Mat Fac Sto Traps Triggered 6 | . 4 . . . 1 1 . Indirectly . | . . . . . . . . Trap Hack Attempts . | . . . . . . . . Triggered . | . . . . . . . . Disarmed . | . . . . . . . . Reprogrammed . | . . . . . . . . Reused . | . . . . . . . . Traps Extracted . | . . . . . . . . Installed . | . . . . . . . . Triggered . | . . . . . . . . Machines | -11 -10 -10 -10 -9 -8 -7 -7 ---------- Run | Yrd Mat Min Exi Min Mat Fac Sto Machines Disabled 1 | . . . . 1 . . . Max in Single Turn 1 | . . . . 1 . . . Machines Repaired . | . . . . . . . . Machines Dismantled . | . . . . . . . . Machines Sabotaged . | . . . . . . . . Overloaded Fab Kills . | . . . . . . . . Hacking | -11 -10 -10 -10 -9 -8 -7 -7 --------- Run | Yrd Mat Min Exi Min Mat Fac Sto Machines Accessed 20 | . 5 . 1 1 6 6 1 Terminals 14 | . 4 . . 1 5 4 . Fabricators 1 | . . . . . . 1 . Repair Stations . | . . . . . . . . Recycling Units 3 | . 1 . . . . 1 1 Scanalyzers . | . . . . . . . . Garrison Access 1 | . . . . . 1 . . Total Hacks 37 | . 12 . 1 2 11 9 2 Successful 19 | . 2 . 1 2 7 7 . Failed 18 | . 10 . . . 4 2 2 Catastrophic 3 | . 1 . . . 1 . 1 Database Lockouts . | . . . . . . . . Manual 1 | . . . 1 . . . . Terminals 28 | . 10 . . 2 10 6 . Fabricators 1 | . . . . . . 1 . Repair Stations . | . . . . . . . . Recycling Units 6 | . 2 . . . . 2 2 Scanalyzers . | . . . . . . . . Garrison Access 1 | . . . . . 1 . . Terminal Hacks 16 | . 1 . 1 2 7 5 . Record 3 | . . . . 1 2 . . Open DSF 1 | . . . . . . 1 . Unreport Threat 1 | . . . . . 1 . . Locate Traps 5 | . 1 . . . 3 1 . Dispatch Records 1 | . . . . . . 1 . Transport Status 1 | . . . . . . 1 . Zone Layout 3 | . . . . 1 1 1 . Proto ID Catalog 1 | . . . 1 . . . . Fabricator Hacks 1 | . . . . . . 1 . Network Status 1 | . . . . . . 1 . Repair Station Hacks . | . . . . . . . . Recycling Unit Hacks 2 | . 1 . . . . 1 . Retrieve Components 2 | . 1 . . . . 1 . Scanalyzer . | . . . . . . . . Garrison Access Hacks . | . . . . . . . . Unauthorized Hacks . | . . . . . . . . Terminals . | . . . . . . . . Fabricators . | . . . . . . . . Repair Stations . | . . . . . . . . Recycling Units . | . . . . . . . . Scanalyzers . | . . . . . . . . Garrison Access . | . . . . . . . . Data Cores Recovered 1 | . 1 . . . . . . Used 1 | . 1 . . . . . . Hacking Detections 13 | . 3 . . 1 4 4 1 Full Trace Events . | . . . . . . . . Feedback Events . | . . . . . . . . Feedback Blocked . | . . . . . . . . Robot Schematics Acquired . | . . . . . . . . Robots Built . | . . . . . . . . Authchips . | . . . . . . . . Time . | . . . . . . . . Total Robot Build Rating . | . . . . . . . . Part Schematics Acquired . | . . . . . . . . Parts Built . | . . . . . . . . Authchips . | . . . . . . . . Time . | . . . . . . . . Total Part Build Rating . | . . . . . . . . Parts Repaired . | . . . . . . . . Time . | . . . . . . . . Parts Recycled . | . . . . . . . . Recycled Matter . | . . . . . . . . Retrieved Matter . | . . . . . . . . Retrieved Components 5 | . 3 . . . . 2 . Parts Scanalyzed . | . . . . . . . . Part Schematics Acquired . | . . . . . . . . Parts Damaged . | . . . . . . . . Bothacking | -11 -10 -10 -10 -9 -8 -7 -7 ------------ Run | Yrd Mat Min Exi Min Mat Fac Sto Used RIF Installer . | . . . . . . . . Robots Hacked . | . . . . . . . . Non-combat . | . . . . . . . . Combat . | . . . . . . . . Robot Hacks Applied . | . . . . . . . . Relay Couplers Released . | . . . . . . . . Fabnet Peak Effective % . | . . . . . . . . Robots Rewired . | . . . . . . . . Allies Hacked . | . . . . . . . . Hacks Repelled . | . . . . . . . . Allies | -11 -10 -10 -10 -9 -8 -7 -7 -------- Run | Yrd Mat Min Exi Min Mat Fac Sto Total Allies 4 | . . 4 . . . . . Largest Group 3 | . . 3 3 3 . . . Highest-Rated Group 40 | . . 40 40 40 . . . Highest-Rated Ally 31 | . . 31 16 16 . . . Total Orders . | . . . . . . . . Ally Attacks 27 | . . 7 . 20 . . . Total Damage 288 | . . 102 . 186 . . . Kills 3 | . . 1 . 2 . . . Allies Corrupted . | . . . . . . . . Allies Melted . | . . . . . . . . Intel | -11 -10 -10 -10 -9 -8 -7 -7 ------- Run | Yrd Mat Min Exi Min Mat Fac Sto Active Infowar (turns) 283 | . . . 143 140 . . . Sensors 283 | . . . 143 140 . . . Robot Analysis Total . | . . . . . . . . Derelict Logs Recovered 4 | . . 1 . 3 . . . Drone Launches . | . . . . . . . . Drone Recoveries . | . . . . . . . . Exploration | -11 -10 -10 -10 -9 -8 -7 -7 ------------- Run | Yrd Mat Min Exi Min Mat Fac Sto Turns Passed 5033 | 96 1159 1088 285 843 450 994 118 Spaces Moved 4083 | 61 759 638 222 622 689 798 294 Core 38 | 10 . . . . . 28 . Treads 229 | 1 . . . . . 228 . Legs 2207 | 19 706 638 222 622 . . . Wheels 84 | 31 53 . . . . . . Hover . | . . . . . . . . Flight 1525 | . . . . . 689 542 294 Fastest Speed 26 | 50 90 120 120 120 50 26 29 Average Speed 94 | 125 117 120 120 120 50 85 29 Slowest Speed 450 | 200 120 120 120 190 50 450 112 Overloaded Moves . | . . . . . . . . Propulsion Burnouts . | . . . . . . . . Robots Hopped 29 | . . . . . 19 9 1 Potential Cave-ins . | . . . . . . . . Cave-ins Triggered . | . . . . . . . . Exploration Rate (%) 57 | 5 93 97 60 99 57 16 30 Regions Visited 7 Branch Regions 4 Pre-discovered Areas 1 | . . . . 1 . . . Known Exits Taken 1 | . . . . . 1 . . Unknown Exits Taken 6 | 1 1 1 1 1 . 1 . Scrap Searched 4 | . . 2 . 2 . . . Spaces Dug . | . . . . . . . . Terrain Destroyed 47 | . . 2 . . . . 45 Melee . | . . . . . . . . Projectile . | . . . . . . . . AOE 47 | . . 2 . . . . 45 Terrain Rammed . | . . . . . . . . Walls Destroyed . | . . . . . . . . Machines Disabled . | . . . . . . . . Actions | -11 -10 -10 -10 -9 -8 -7 -7 --------- Run | Yrd Mat Min Exi Min Mat Fac Sto Total 4979 | 78 903 943 242 688 743 1068 314 Wait 460 | 1 24 290 13 34 20 75 3 Move 4021 | 60 758 637 221 621 652 780 292 Hop 26 | . . . . . 17 8 1 Pick Up 61 | 7 14 2 1 4 12 18 3 Fast Attach 23 | 5 4 . 1 1 . 10 2 Attach 55 | 3 4 . 1 2 5 36 4 Detach 35 | 2 2 . . . . 29 2 Swap 24 | . 8 . . 4 8 4 . Drop 85 | . 18 3 5 6 12 38 3 Fire 139 | . 71 9 . 16 17 22 4 Melee . | . . . . . . . . Ram 30 | . . . . . . 30 . Kick 2 | . . 2 . . . . . Crush . | . . . . . . . . Escape Stasis 18 | . . . . . . 18 . Rewire . | . . . . . . . . Trap . | . . . . . . . . Miscellaneous . | . . . . . . . . Route ------- -11/Scrapyard -10/Materials (discovered 4 exits: [*Mat x3] / [*Min]) -10/Mines (discovered 3 exits: [*Mat x2] / *Exi) -10/Exiles -9/Mines (discovered 2 exits: *Mat x2) -8/Materials (discovered 2 exits: *Fac x2) -7/Factory -7/Storage History --------- Turn | Location | Event 22 | -11/Scrapyard | Discovered new exit (range 15) 97 | -11/Scrapyard | Entered Materials 119 | -10/Materials | Discovered new exit (range 16) 307 | -10/Materials | Build established: Mutant 321 | -10/Materials | Discovered new exit (range 3) 684 | -10/Materials | Core integrity fell below 50% 849 | -10/Materials | Discovered new exit (range 4) 1006 | -10/Materials | Build established: Scavenger-Mutant 1109 | -10/Materials | Discovered new exit (range 15) 1256 | -10/Materials | Entered Mines 1333 | -10/Mines | Discovered new exit (range 3) 1335 | -10/Mines | Received a Mining Laser from a helpful Derelict 1352 | -10/Mines | Found a Scrap Suit stashed away for nefarious purposes 1358 | -10/Mines | Found Scrap Suit 1416 | -10/Mines | Build established: Mutant 1479 | -10/Mines | Excavation squad dispatched 1479 | -10/Mines | A large section of the Mines collapsed 1854 | -10/Mines | Deemed a non-threat by the Exiles lab entrance 1854 | -10/Mines | Discovered new exit (range 5) 1981 | -10/Mines | Discovered new exit (range 9) 1993 | -10/Mines | Found a damaged Exp. Sensor Array with a note attached 1996 | -10/Mines | Found Prototype Device 2009 | -10/Mines | Learned Materials interactive machine intel 2090 | -10/Mines | Assisted by bots powering up and referring to "LRC-V3" 2344 | -10/Mines | Entered Exiles 2344 | -10/Exiles | Accompanied by 3 allies 2373 | -10/Exiles | Met 8R-AWN 2394 | -10/Exiles | Met EX-HEX 2431 | -10/Exiles | Met EX-BIN 2444 | -10/Exiles | Aligned with FarCom system 2445 | -10/Exiles | Given EX-Vault access code 2479 | -10/Exiles | Opened EX-Vault 2486 | -10/Exiles | Identified Exp. Sensor Array 2491 | -10/Exiles | Found Flying Fortress v7 2515 | -10/Exiles | Warned to stay clear of 0b10 Research branches 2554 | -10/Exiles | Met EX-DEC 2596 | -10/Exiles | Discovered new exit (range 15) 2629 | -10/Exiles | Left Exiles lab with Flying Fortress v7 2629 | -10/Exiles | Entered Mines 2629 | -9/Mines | Accompanied by 3 allies 2662 | -9/Mines | Learned Materials interactive machine intel 2763 | -9/Mines | Learned location of Zion (-7) 3267 | -9/Mines | Discovered new exit (range 9) 3324 | -9/Mines | Learned location of 1 exit from Materials 3354 | -9/Mines | Build established: Scavenger-Mutant 3380 | -9/Mines | Discovered new exit (range 11) 3472 | -9/Mines | Entered Materials 3472 | -8/Materials | Evolved 4 slots: Propulsion x2, Utility x2 3473 | -8/Materials | Identified exit to Factory 3474 | -8/Materials | Loaded intel: 19 interactive machine locations 3768 | -8/Materials | Build established: Mutant 3914 | -8/Materials | Discovered exit to Factory (range 8) 3922 | -8/Materials | Entered Factory 3922 | -7/Factory | Evolved 2 slots: Utility x2 4687 | -7/Factory | Core integrity fell below 50% 4902 | -7/Factory | Discovered new exit (range 11) 4916 | -7/Factory | Entered Storage 4919 | -7/Storage | Met 01-MTF 4920 | -7/Storage | Found Prototype Launcher 4920 | -7/Storage | Identified Rocket Array 4988 | -7/Storage | Found Rocket Array 4989 | -7/Storage | Found Rocket Array 4990 | -7/Storage | Found Rocket Array 5012 | -7/Storage | Core integrity fell below 20% 5034 | -7/Storage | Self-destructed Last Messages --------------- 04988_ Acquired Rocket Array. 05005_ Connecting with Recycling Unit... 05011_ Chain reaction triggered in Imp. Deuterium Engine. 05011_ Transfer Shaft disabled. 05013_ 01-MTF: "How could you, we barely know each other!" 05013_ The unstable cave ceiling collapses. 05015_ Y-54 Guardian destroyed. 05017_ The unstable cave ceiling collapses. 05019_ Dropped Rocket Array. 05019_ VTOL Module destroyed. 05021_ Acquired Rocket Array. 05022_ VTOL Module destroyed. 05022_ Destroyed Mak. Cloaking Device. 05022_ VTOL Module destroyed. 05022_ Destroyed VTOL Module. 05025_ The unstable cave ceiling collapses. 05026_ Imp. Signal Interpreter destroyed. 05027_ The unstable cave ceiling collapses. Map ----- +----------------------------------------------------+ | ????????????????????????"" """ """ ## #????????? | | ?????????????????????????" """ """ ## #????????? | | ???????????????????????????""" """ ## #????????? | | ????????????????????????????? ??# #????????? | | ??????????????????????????#####+##### #????????? | | ??????????????????????????# #????????? | | ??????????????????????????# #????????? | | ??????????????????????????# #????????? | | ??????????????????????????# ###########????????? | | ????????????????########### # #????????? | | ????????????????# # #????????? | | ????????????????# #????????? | | ????????????????# #????????? | | ????????????????#* #????????? | | ????????????????# ! #????????? | | ????????????????# #????????? | | ????????????????# ] #????????? | | ????????????????#! ####????????? | | ????????????????######## # ?????????????? | | ??????????????????????? ##?????????????? | | ?????????????????????### " ##?????????????? | | ????????????????????## " " T #?????????????? | | ????????????????????#""" " p " #??????????????? | | ????????????????????#"Y #???????????????? | | ????????????????????#""" #???????????????? | | ????????????????????## @ #???????????????? | | ?????????????????????## ] #???????????????? | | ??????????????????????## #########???????????????? | | ???????????????????????# ????????????????????????? | | ???????????????????????##????????????????????????? | | ?????????????????????????????????????????????????? | | ?????????????????????????????????????????????????? | | ?????????????????????????????????????????????????? | | ????????????????????Y????????????????????????????? | | ??????????????????????Y??????????????????????????? | | ?????????????????????????????????????????????????? | | ?????????????????????????????????????????????????? | | ?????????????????????????????????????????????????? | | ?????????????????????????????????????????????????? | | ?????????????????????????????????????????????????? | | ?????????????????????????????????????????????????? | | ?????????????????????????????????????????????????? | | ?????????????????????????????????????????????????? | | ?????????????????????????????????????????????????? | | ?????????????????????????????????????????????????? | | ?????????????????????????????????????????????????? | | ?????????????????????????????????????????????????? | | ?????????????????????????????????????????????????? | | | | | +----------------------------------------------------+ Best States ------------- Heat Dissipation 48 Energy Generation 17 Energy Capacity 300 Matter Stores 300 Matter Capacity 300 Sight Range 16 Robot Scan Range 20 Terrain Scan Density 10 Additional Mass Support 9 Armor Coverage 450 Evasion (%) 64 Targeting Accuracy 5 Recoil Reduction 1 Kinecelleration 30 Offensive Hacking 10 Item Schematics ----------------- None Robot Schematics ------------------ None Fabricated ------------ Nothing Repaired ---------- Nothing Alien Tech Used ----------------- None Achievements -------------- None Challenges ------------ None Game ------ Seed VariableCouplerMicrothruster Manual? 0 Play Time 00:57:56 Cumulative 103.7 hours Start 2025.05.26 @ 22:32:34 End 2025.05.26 @ 23:27:09 Sessions 1 Manual Loads 0 Difficulty Rogue Special Mode None Game No. 126 Rogue 126 Adventurer 0 Explorer 0 Win Type - Total 0 Types 0/0/0/0/0/0/0/0/0/0 Lore% 37 Gallery% 46 Achievement% 43 Wizard Run 0 Options --------- Layout 2 ASCII 0 Keyboard 0 Movement Numpad Keybinds 0 Fullscreen 1 Font 24/Smallcaps Map View 50x44 Zoom Use 0% Tactical HUD 1 Map Filters NONE Filters NONE Steam 1 RUN: 9fcbad05-33ce-400a-bf1b-4c089cecbb8c